AoeStats
← Chad King

Black Forest

506703938Analyzed
2v2 RM · 16d ago on Sep 14, 2026· 32m 49s· 4 players
Game mode
Random Map
Map size
Medium (4 player)
Population
200
Speed
Normal
Resources
Standard
Victory
Conquest
Starting age
Dark Age
Ending age
Imperial Age
RankedLock teamsTeams togetherTeam positionsShared explorationLock speedFull tech treeHidden civsTurbo modeCheats
Victory
Defeat
🇲🇽 Wu · Mexico
917
+14
🇺🇸 Sicilians · United States
917
+14
🇬🇧 Chinese · United Kingdom
937
-16
🇬🇧 Byzantines · United Kingdom
827
-12
Chad King
0:51 Loom
14:25 Feudal Age
20:01 Castle Age
20:27 Town Watch
20:31 Horse Collar
21:59 Double-Bit Axe
22:54 Wheelbarrow
31:36 Fletching
Genghis
0:28 Loom
15:41 Feudal Age
16:57 Man-at-Arms
19:03 Horse Collar
19:13 Double-Bit Axe
23:59 Castle Age
DSLG | Mr.Olivaz
0:53 Loom
12:09 Feudal Age
16:13 Castle Age
14:42 Double-Bit Axe
14:45 Horse Collar
17:53 Bow Saw
20:27 Heavy Plow
23:06 Gold Mining
25:44 First Crusade
27:00 Forging
32:03 Iron Casting
32:17 Stone Mining
Darkfield
0:51 Loom
13:53 Feudal Age
18:26 Castle Age
16:59 Gold Mining
18:07 Double-Bit Axe
18:43 Horse Collar
19:09 Man-at-Arms
20:13 Long Swordsman
24:16 Wheelbarrow
25:23 Fervor
25:43 Bow Saw
26:44 Scale Mail Armor
26:55 Forging
28:08 Hand Cart
27:41 Town Watch
28:39 Squires
28:27 Arson
31:05 Red Cliffs Tactics
31:39 Fletching
Connection lost

Rejoining the realm…

Still unreachable

The connection could not be restored.

Session expired

The server has moved on; the page needs a fresh start.